 Dungeon Crawl Stone Soup version 0.18-a0-1788-g92de1ac (webtiles) character file.

833 M4edhros the Blocker (level 7, -1/41 HPs)
             Began as an Octopode Necromancer on Apr 20, 2016.
             Was an Initiate of Cheibriados.
             Splashed by a jelly's acid (9 damage)
             ... on level 7 of the Dungeon.
             The game lasted 00:12:50 (2441 turns).

M4edhros the Blocker (Octopode Necromancer)         Turns: 2441, Time: 00:12:52

Health: -1/41      AC: -11   Str: 13    XL:     7   Next: 98%
Magic:  2/10       EV:  9    Int: 18    God:    Cheibriados [......]
Gold:   191        SH: 15    Dex: 15    Spells: 2 memorised, 6 levels left

rFire  . . .     SeeInvis .     h - +5 short sword
rCold  . . .     Gourm    .     e - +0 large shield
rNeg   . . .     Faith    .     (helmet restricted)
rPois  .         Spirit   .     (no amulet)
rElec  .         Dismiss  .     l - +4 ring of strength
rCorr  .         Reflect  .     (no ring)
SustAt .         Harm     .     (no ring)
MR     .....                    (no ring)
Stlth  +++.......               (no ring)
                                (no ring)
                                (no ring)
                                (no ring)

@: corroded, very slow, not resistant to hostile enchantments, fairly stealthy
A: almost no armour, amphibious, 8 rings, constrict 8, camouflage 1, gelatinous
body 1
a: Bend Time, Renounce Religion


You were on level 7 of the Dungeon.
You worshipped Cheibriados.
Cheibriados was noncommittal.
You were hungry.

You visited 2 branches of the dungeon, and saw 8 of its levels.
You also visited: Sewer.

You collected 191 gold pieces.

Inventory:

Hand Weapons
 h - a +5 short sword (weapon)
Missiles
 g - 67 sling bullets
Armour
 e - a +0 large shield (worn)
 m - a +0 buckler
Jewellery
 l - a +4 ring of strength (left tentacle)
Scrolls
 d - a scroll of remove curse
 k - a scroll of immolation
 o - a scroll of identify
 q - a scroll of brand weapon {unknown}
Potions
 f - a potion of resistance
 p - a potion of flight
Books
 a - a book of Necromancy

   Spells                             Type                      Level
   a - Pain                           Necromancy                   1
   b - Animate Skeleton               Necromancy                   1
   c - Vampiric Draining              Necromancy                   3
   d - Regeneration                   Charms/Necromancy            3
   e - Animate Dead                   Necromancy                   4
   f - Control Undead                 Necromancy                   4
Comestibles
 b - a bread ration
 c - 3 chunks of flesh
 j - a royal jelly
 r - a meat ration


   Skills:
 - Level 2.0 Dodging
 - Level 2.6 Stealth
 * Level 8.3 Shields
 - Level 1.9 Unarmed Combat
 - Level 2.0 Spellcasting
 - Level 4.0 Necromancy


You had 6 spell levels left.
You knew the following spells:

 Your Spells              Type           Power        Failure   Level  Hunger
a - Pain                  Necr           ###.         30%         1    #......
b - Regeneration          Chrm/Necr      #.........   99%         3    ###....


Dungeon Overview and Level Annotations

Branches:
Dungeon (7/15)             Temple (1/1) D:5

Altars:
Ashenzari
Cheibriados
Elyvilon
Fedhas
Gozag
Kikubaaqudgha
Makhleb
Nemelex Xobeh
Okawaru
Pakellas
Vehumet
Xom
Yredelemnul
Zin

Annotations:
D:6 Prince Ribbit


Innate Abilities, Weirdness & Mutations

You cannot wear most types of armour.
You are amphibious.
You can wear up to eight rings at the same time.
You can use your tentacles to constrict eight enemies at once.
Your skin changes colour to match your surroundings (Stealth).
Your rubbery body absorbs attacks (AC +1).


Message History

You block the jelly's attack.
Some of the chunks of flesh in your inventory have rotted away.
The jelly is no longer moving slowly.
A giant gecko comes into view.
Okay, then.
You aren't carrying any items that you can evoke.
Drink which item? (? for menu, Esc to quit)
Okay, then.
Read which item? (? for menu, Esc to quit)
As you read the scroll labeled LAT KAECE BUTUS, it crumbles to dust.
It is a scroll of enchant weapon.
Enchant which weapon? (? for menu, Esc to quit)
Your +4 short sword glows red for a moment.
The flow of time bends around you.
Cheibriados rebukes the jelly.
The jelly seems to slow down.
You feel slightly more hungry. The jelly hits you.
* * * LOW HITPOINT WARNING * * *
You are splashed with acid!
The acid burns!
You die...

#)# #.# #)# #†#
#)###############
#......J........#
#########.#####.###
#.J...............
############@##.....#####.###
#.......l...........#⌠≈≈#'#≈≈
#.##########.#......#≈≈≈≈≈≈≈≈
#.# #.#......#≈≈≈###≈≈ #.#
#.##.....##≈##.##≈ #.#
#.##......#≈#._.#≈ #####.#
#.##.....##≈##.##≈ ......#
#.##.....#≈≈≈#≈#≈≈ #######
#.##.....#≈≈≈≈≈≈≈≈


You could see a jelly and a giant gecko (wandering).

Vanquished Creatures
  Grinder (D:6)
  A big kobold (Sewer)
  A scorpion (D:7)
  A howler monkey (D:4)
  A centaur skeleton (D:4)
  3 hounds
  4 orc wizards
  2 giant frog skeletons
  A worker ant (D:7)
  5 adders
  4 river rats
  2 worms
  9 dart slugs (D:4)
  2 giant geckos
  9 orcs
  3 giant cockroaches
  2 goblins
  3 hobgoblins
  2 jackals
  12 kobolds
  A quokka (D:4)
  A ball python (D:1)
  5 bats
  4 giant newts
  A quokka skeleton (D:4)
  8 rats
88 creatures vanquished.

Notes
Turn   | Place    | Note
--------------------------------------------------------------
     0 | D:1      | M4edhros the Octopode Necromancer began the quest for the Orb.
     0 | D:1      | Reached XP level 1. HP: 11/11 MP: 3/3
   170 | D:1      | Reached skill level 1 in Unarmed Combat
   279 | D:1      | Reached XP level 2. HP: 12/17 MP: 5/5
   698 | D:1      | Reached skill level 1 in Shields
   936 | D:2      | Reached XP level 3. HP: 21/21 MP: 6/6
   941 | D:2      | Learned a level 3 spell: Regeneration
  1038 | D:2      | Reached skill level 2 in Shields
  1073 | D:3      | Reached XP level 4. HP: 17/27 MP: 1/7
  1172 | D:4      | Found an opulent altar of Gozag.
  1205 | D:4      | Reached skill level 3 in Shields
  1241 | D:4      | Reached XP level 5. HP: 16/31 MP: 8/8
  1259 | D:4      | Reached skill level 4 in Shields
  1534 | D:5      | Entered Level 5 of the Dungeon
  1540 | D:5      | Reached skill level 5 in Shields
  1540 | D:5      | Reached XP level 6. HP: 28/36 MP: 9/9
  1612 | D:5      | Found a staircase to the Ecumenical Temple.
  1618 | Temple   | Entered the Ecumenical Temple
  1794 | D:5      | Found a glowing drain.
  1820 | Sewer    | Entered a sewer
  1906 | Sewer    | Reached skill level 6 in Shields
  1929 | Sewer    | Found a white marble altar of Elyvilon.
  2117 | D:6      | Noticed Grinder
  2126 | D:6      | Killed Grinder
  2126 | D:6      | Reached skill level 7 in Shields
  2126 | D:6      | Reached XP level 7. HP: 40/41 MP: 10/10
  2212 | D:6      | Noticed Prince Ribbit
  2348 | D:7      | Found a snail-covered altar of Cheibriados.
  2367 | D:7      | Became a worshipper of Cheibriados the Contemplative
  2408 | D:7      | Reached skill level 8 in Shields
  2441 | D:7      | Splashed by a jelly's acid

Vault maps used:
D:1:      dpeg_arrival_leaves_temple_mockup
D:3:      grunt_qazlal_sundering, uniq_robin
D:4:      kennysheep_slugbush, nicolae_ru_great_annihilating_truth, bloody_trog,
          nicolae_gozag_cash_rules_everything_around_me
D:5:      minmay_temple_entry_fiery, gup_sewer_entry_bubbles, first_bread,
          uniq_menkaure
D:6:      tso_altar, uniq_prince_ribbit1, uniq_eustachio, uniq_grinder
D:7:      lemuel_coloured_pillars_altar, cheibrodos_worm_habitat,
          grunt_dithmenos_shadows, uniq_pikel
Temple:   eino_temple_water_12
Sewer:    sewer_kobolds

Skill      XL: |  1  2  3  4  5  6  7 |
---------------+----------------------+-----
Unarmed Combat | 1 |  1.9
Shields        | 1 2 3 5 7 8 |  8.3
Dodging        | |  2.0
Stealth        | |  2.6
Spellcasting   | |  2.0
Necromancy     | |  4.0

Action                   |  1- 3 |  4- 6 |  7- 9 || total
-------------------------+-------+-------+-------++-------
Melee: Unarmed           |    25 |       |       ||    25
       Constrict         |    14 |    35 |    10 ||    59
       Tentacles         |     4 |    24 |    12 ||    40
       Short sword       |    23 |   103 |    34 ||   160
       Punch             |     1 |     1 |       ||     2
 Cast: Pain              |     1 |       |       ||     1
       Regeneration      |     3 |     7 |     4 ||    14
Invok: Bend Time         |       |       |     4 ||     4
  Use: Scroll            |     2 |     5 |     2 ||     9
       Potion            |       |     1 |     3 ||     4
 Stab: Sleeping          |    10 |     9 |     1 ||    20
       Distracted        |       |       |     1 ||     1
  Eat: Chunk             |       |     6 |     1 ||     7
Armor: Skin              |     6 |     4 |     2 ||    12
Dodge: Dodged            |    12 |    22 |     9 ||    43
Block: Large shield      |    12 |    64 |    16 ||    92
